 Dungeon Sprint DCSS version 0.17-a0-1701-gf693a3f (webtiles) character file.

111 pipel the Twirler (level 4, -12/29 HPs)
             Began as a Gargoyle Gladiator on Aug 21, 2015.
             Was an Initiate of Okawaru.
             Mangled by a hill giant
             ... wielding a +0 giant spiked club
              (15 damage)
             ... in the Dungeon (Sprint IX: "|||||||||||||||||||||||||||||").
             The game lasted 00:01:16 (269 turns).

pipel the Twirler (Gargoyle Gladiator)               Turns: 269, Time: 00:01:16

Health: -12/29     AC: 18    Str: 20    XL:     4   Next: 92%
Magic:  4/4        EV:  7    Int: 11    God:    Okawaru [......]
Gold:   0          SH:  0    Dex: 10    Spells: 0 memorised, 3 levels left

rFire  . . .     SeeInvis .     a - +4 quarterstaff (speed)
rCold  . . .     Clarity  .     u - +0 plate armour
rNeg   + . .     SustAt   .     (no shield)
rPois  ∞         Gourm    .     s - +0 helmet
rElec  +         Spirit   .     (no cloak)
rCorr  .         Warding  .     t - +0 pair of gloves
rMut   .         NoTele   +     (no boots)
MR     .....                    (no amulet)
Stlth  ..........               w - +2 ring of protection
                                v - +3 ring of intelligence

@: not resistant to hostile enchantments, extremely unstealthy
A: negative energy resistance 1, electricity resistance, unbreathing,
petrification resistance, rot immunity, AC +3
a: Renounce Religion


You were in the Dungeon.
You worshipped Okawaru.
Okawaru was noncommittal.
You were not hungry.

You visited 1 branch

Inventory:

Hand weapons
 a - a +4 quarterstaff of speed (weapon)
 r - a +0 quarterstaff
Missiles
 d - 3 throwing nets (quivered)
Armour
 s - a +0 helmet (worn)
 t - a +0 pair of gloves (worn)
 u - a +0 plate armour (worn)
Magical staves
 q - an uncursed staff of energy
Jewellery
 v - a +3 ring of intelligence (left hand)
 w - a +2 ring of protection (right hand)
Magical devices
 p - a wand of fire (3)
Scrolls
 k - 2 scrolls of blinking
 n - 3 scrolls of remove curse
 o - 2 scrolls of amnesia
Potions
 f - 5 potions of curing
 g - 3 potions of heal wounds
 h - a potion of haste
 i - 4 potions of magic
 j - a potion of berserk rage
 m - a potion of invisibility
Comestibles
 e - a bread ration


   Skills:
 + Level 4.1 Fighting
 + Level 6.2 Staves
 + Level 3.2 Throwing
 + Level 1.3 Armour
 + Level 5.5 Dodging


You had 3 spell levels left.
You didn't know any spells.

Dungeon Overview and Level Annotations

Branches:
Dungeon (1/1)

Altars:
Cheibriados
Dithmenos
Elyvilon
Fedhas
Gozag
Kikubaaqudgha
Makhleb
Nemelex Xobeh
Okawaru
Qazlal
Ru
Sif Muna
Trog
Vehumet
Xom
Yredelemnul
Zin
The Shining One
Beogh
Jiyva
Lugonu


Innate Abilities, Weirdness & Mutations

You are resistant to torment.
Your stone body is resilient (AC +3).
You are immune to poison.
You resist negative energy.
You are resistant to electric shocks.
You can survive without breathing.
You are immune to petrification.
You are immune to rotting.


Message History

This wand has 4 charges left.
The hill giant hits you with a giant spiked club!
Ouch! That really hurt!
Unknown command.
Unknown command.
Evoke which item? (* to show all) (? for menu, Esc to quit)
Zapping:
p - a wand of fire (4)
Press: ? - help, Shift-Dir - straight line, f/p - hill giant
Aim: a hill giant, wielding a giant spiked club (severely wounded)
The bolt of fire hits the hill giant.
The hill giant is almost dead.
The bolt of fire hits the orc priest.
The orc priest is almost dead.
This wand has 3 charges left.
The orc priest calls down the wrath of Beogh upon you.
Something smites you!
* * * LOW HITPOINT WARNING * * *
The hill giant hits you with a giant spiked club!
Ouch! That really hurt!
You die...

▓.▓
▓.▓
▓.▓
▓)▓
▓.▓
▓.▓
▓.▓
▓.▓
▓@▓
▓C▓
▓†▓
▓.▓
▓.▓
▓o▓
▓.▓
▓.▓


You could see a hill giant and an orc priest.

Vanquished Creatures
  A giant frog (D)
  A worker ant (D)
  An iguana (D)
  A bat skeleton (D)
  A quokka (D)
  2 ball pythons (D)
  A bat (D)
  A giant cockroach (D)
  A giant newt (D)
  A goblin (D)
  A kobold (D)
  A quokka zombie (D)
  A rat (D)
14 creatures vanquished.

Notes
Turn   | Place    | Note
--------------------------------------------------------------
     0 | D        | pipel the Gargoyle Gladiator began the quest for the Orb.
     0 | D        | Reached XP level 1. HP: 12/12 MP: 1/1
   117 | D        | Noticed a worker ant
   123 | D        | Reached XP level 2. HP: 13/18 MP: 2/2
   130 | D        | Killed a worker ant
   130 | D        | Reached skill level 4 in Staves
   130 | D        | Reached XP level 3. HP: 13/23 MP: 3/3
   137 | D        | Found a glowing silver altar of Zin.
   137 | D        | Found a glowing golden altar of the Shining One.
   137 | D        | Found an ancient bone altar of Kikubaaqudgha.
   137 | D        | Found a basalt altar of Yredelemnul.
   137 | D        | Found a shimmering altar of Xom.
   137 | D        | Found a radiant altar of Vehumet.
   138 | D        | Found an iron altar of Okawaru.
   139 | D        | Found a burning altar of Makhleb.
   140 | D        | Found a deep blue altar of Sif Muna.
   141 | D        | Found a bloodstained altar of Trog.
   142 | D        | Found a sparkling altar of Nemelex Xobeh.
   143 | D        | Found a white marble altar of Elyvilon.
   144 | D        | Found a roughly hewn altar of Beogh.
   145 | D        | Found a viscous altar of Jiyva.
   146 | D        | Found a corrupted altar of Lugonu.
   148 | D        | Became a worshipper of Warmaster Okawaru
   150 | D        | Found a blossoming altar of Fedhas.
   151 | D        | Found a snail-covered altar of Cheibriados.
   152 | D        | Found a shadowy altar of Dithmenos.
   153 | D        | Found a stormy altar of Qazlal.
   154 | D        | Found an opulent altar of Gozag.
   155 | D        | Found a sacrificial altar of Ru.
   265 | D        | Noticed a giant frog
   265 | D        | Noticed a hill giant
   265 | D        | Noticed an iguana
   265 | D        | Noticed an orc priest
   266 | D        | Killed an iguana
   266 | D        | Reached skill level 5 in Staves
   266 | D        | Reached skill level 1 in Armour
   267 | D        | Killed a giant frog
   267 | D        | Reached skill level 6 in Staves
   267 | D        | Reached skill level 5 in Dodging
   267 | D        | Reached XP level 4. HP: 27/29 MP: 4/4
   269 | D        | Mangled by a hill giant

Vault maps used:
D:        linesprint

Action                   |  1- 3 |  4- 6 || total
-------------------------+-------+-------++-------
Melee: Quarterstaff      |    26 |       ||    26
Evoke: Wand              |     1 |     3 ||     4
